AoeStats
← chenya_ko

Arabia

507956698Analyzed
1v1 RM · 13d ago on Sep 20, 2026· 21m 12s· 2 players
Game mode
Random Map
Map size
Tiny (2 player)
Population
200
Speed
Normal
Resources
Standard
Victory
Conquest
Starting age
Dark Age
Ending age
Imperial Age
RankedLock teamsTeams togetherTeam positionsShared explorationLock speedFull tech treeHidden civsTurbo modeCheats
Victory
Defeat
🇨🇴 Maya · Colombia
1059
+15
🇹🇼 Japanese · Taiwan
1041
-15
chenya_ko
1:58 Loom
9:48 Feudal Age
10:41 Double-Bit Axe
10:44 Man-at-Arms
15:04 Fletching
19:43 Wheelbarrow
21:11 Forging
21:21 Padded Archer Armor
ProletoMontañero
0:30 Loom
13:00 Feudal Age
18:04 Castle Age
17:01 Fletching
17:56 Double-Bit Axe
19:53 Crossbowman
Connection lost

Rejoining the realm…

Still unreachable

The connection could not be restored.

Session expired

The server has moved on; the page needs a fresh start.